[Event "Betsys MČR v online bleskovém šachu 2021"]
[Site "Chess.com"]
[Date "2021.04.17"]
[Round "7"]
[White "svTomas"]
[Black "Miky2610"]
[Result "0-1"]
[WhiteElo "1436"]
[BlackElo "1828"]
[TimeControl "180+1"]
[EndTime "10:11:37 PDT"]
[Termination "Uživatel Miky2610 zvítězil matem"]

1. e4 c6 2. d4 d5 3. e5 Bf5 4. c3 e6 5. Bd2 c5 6. Nf3 Nc6 7. Bb5 a6 8. Bxc6+ bxc6 9. Qa4 Qb6 10. O-O Bd3 11. Re1 Bb5 12. Qc2 Ne7 13. a4 Bc4 14. Na3 Bb3 15. Qd3 c4 16. Qe3 Bxa4 17. Qg5 Ng6 18.
Nxc4 dxc4 19. Rxa4 Qxb2 20. Rea1 Be7 21. Qe3 Qb6 22. h4 Nxh4 23. Nxh4 Bxh4 24. Rb4 Qc7 25. Rab1 O-O 26. Rb7 Qa5 27. Qh3 Bd8 28. Qg4 Kh8 29. Rd7 Bc7 30. Rb7 Rac8 31. Bg5 h6 32. Be7 Rfe8 33. Bf6 gxf6 34. exf6 Rg8 35. Qh5 Qa1+ 36. Qd1 Qxd1# 0-1

[Event "Betsys MČR v online bleskovém šachu 2021"]
[Site "Chess.com"]
[Date "2021.04.17"]
[Round "7"]
[White "berny643"]
[Black "Vesselovsky52"]
[Result "1-0"]
[WhiteElo "2572"]
[BlackElo "2327"]
[TimeControl "180+1"]
[EndTime "10:11:38 PDT"]
[Termination "Uživatel berny643 zvítězil na čas"]

1. d4 Nf6 2. c4 e6 3. Nc3 Bb4 4. Qc2 O-O 5. a3 Bxc3+ 6. Qxc3 b6 7. e3 Bb7 8. Nf3 d6 9. Be2 Nbd7 10.
O-O c5 11. Rd1 Rc8 12. Qe1 Ne4 13. b3 f5 14. Bb2 Qe7 15. Nd2 Nxd2 16. Rxd2 Qg5 17.
Bf1 Nf6 18. dxc5 dxc5 19. f4 Qh5 20. Rad1 h6 21. h3 Bc6 22. Rd6 Qf7 23. b4 Ne4 24.
R6d3 cxb4 25. axb4 a5 26. bxa5 bxa5 27. Qxa5 Ra8 28. Qb6 Rfc8 29. Be5 Kh7 30. Qb2 Ra6 31. Rb3 Nc5 32. Rb4 Rca8 33. Qd4 Ne4 34. Rb6 Rxb6 35.
Qxb6 Rc8 36. Ra1 Qg6 37. Ra7 Nf6 38. Qd4 Kg8 39. Qd6 1-0

[Event "Betsys MČR v online bleskovém šachu 2021"]
[Site "Chess.com"]
[Date "2021.04.17"]
[Round "7"]
[White "kecalk"]
[Black "Koli05"]
[Result "1-0"]
[WhiteElo "2153"]
[BlackElo "1849"]
[TimeControl "180+1"]
[EndTime "10:11:40 PDT"]
[Termination "Uživatel kecalk zvítězil po vzdání soupeře"]

1. c4 c5 2. Nf3 Nf6 3. Nc3 d5 4. cxd5 Nxd5 5. e3 Nc6 6. Qc2 e6 7. b3 Be7 8. Bb2 Ndb4 9. Qb1 Bf6 10. a3 Nd5 11. Qc2 O-O 12. Bd3 g6 13. Nxd5 Bxb2 14. Qxb2 exd5 15. h4 h5 16. Rc1 b6 17. Bb5 Na5 18. d4 cxd4 19. b4 Nb7 20. Qxd4 Bd7 21. Bd3 Be6 22. Ne5 Qf6 23. Nf3 Qxd4 24. Nxd4 Rac8 25.
O-O Kg7 26. g3 Nd6 27. Ba6 Rxc1 28. Rxc1 Rd8 29. Rc7 Rd7 30. Nxe6+ fxe6 31. Rxd7+ Nf7 32. Rxa7 Kf6 33. a4 1-0

[Event "Betsys MČR v online bleskovém šachu 2021"]
[Site "Chess.com"]
[Date "2021.04.17"]
[Round "7"]
[White "Krtecci"]
[Black "maelic"]
[Result "1-0"]
[WhiteElo "2079"]
[BlackElo "1778"]
[TimeControl "180+1"]
[EndTime "10:11:40 PDT"]
[Termination "Uživatel Krtecci zvítězil matem"]

1. e4 e6 2. d4 d5 3. Nc3 Bb4 4. e5 c5 5. a3 Bxc3+ 6. bxc3 Qc7 7. Qg4 f5 8. Qg3 b6 9. Bb5+ Nc6 10. Ne2 Ne7 11.
O-O Bd7 12. a4 Na5 13. Bg5 Ng6 14. h4 a6 15. Bxd7+ Qxd7 16. h5 Ne7 17. Nf4 cxd4 18. cxd4 Rc8 19. c3 Nc4 20. Rfb1 Nc6 21. Ra2 N6a5 22. Bh4 Qf7 23. Qg5 Kd7 24. Re2 Rc6 25.
Rb4 Rhc8 26. Kh2 R6c7 27. Nxd5 exd5 28. e6+ Qxe6 29. Rxe6 Kxe6 30. h6 g6 31. Qf6+ Kd7 32. Bg3 Rc6 33. Qf7+ Kd8 34. Bh4+ Rf6 35. Bxf6# 1-0

[Event "Betsys MČR v online bleskovém šachu 2021"]
[Site "Chess.com"]
[Date "2021.04.17"]
[Round "7"]
[White "jankrelina07"]
[Black "ikovacs"]
[Result "1-0"]
[WhiteElo "1530"]
[BlackElo "1062"]
[TimeControl "180+1"]
[EndTime "10:11:46 PDT"]
[Termination "Uživatel jankrelina07 zvítězil na čas"]

1. d4 d5 2. Bf4 e6 3. e3 Bd6 4. Bg3 Bxg3 5. hxg3 Nf6 6. Bd3 h6 7. c3 Nc6 8. Nf3 b6 9. Nbd2 a5 10. Qa4 Bd7 11. Bb5 Nb8 12. Bxd7+ Qxd7 13. Qc2 Qb5 14. Ne5 Nbd7 15. Ndf3 Nxe5 16. Nxe5 Nd7 17. Nxd7 Qxd7 18. g4 c5 19. g5 h5 20. Qe2 g6 21. Qf3 cxd4 22. exd4 b5 23. g4 b4 24. gxh5 gxh5 25. Qf6 Rg8 26. Rxh5 Qe7 27. Qxe7+ Kxe7 28. O-O-O bxc3 29. bxc3 Rac8 30. Kc2 Rc4 31. f4 Ra4 32. Kb3 Rc4 33.
Rh3 Rb8+ 34. Kc2 a4 35. Rb1 Rxb1 36. Kxb1 a3 37. Kc2 Rc7 38. Kb3 Ra7 39. Rh7 Kd6 40.
Rh8 Rb7+ 41. Kxa3 Ra7+ 42. Kb2 Rb7+ 43. Kc2 Kc6 44. Rc8+ 1-0

[Event "Betsys MČR v online bleskovém šachu 2021"]
[Site "Chess.com"]
[Date "2021.04.17"]
[Round "7"]
[White "Mitram64"]
[Black "Joanna23W"]
[Result "0-1"]
[WhiteElo "2067"]
[BlackElo "2676"]
[TimeControl "180+1"]
[EndTime "10:11:48 PDT"]
[Termination "Uživatel Joanna23W zvítězil na čas"]

1. d4 Nf6 2. Nf3 g6 3. Bf4 Bg7 4. e3 d6 5. Be2 Nh5 6. Bg5 h6 7. Bh4 c5 8. dxc5 Bxb2 9. Nbd2 dxc5 10.
Rb1 Bg7 11. O-O O-O 12. Ne1 Nf6 13. Nd3 Qc7 14. Nc4 Ne4 15. Bg3 Qd8 16. Qe1 Nc3 17. Rc1 Nxe2+ 18. Qxe2 Nd7 19. Rfd1 Qe8 20. Nf4 Nb6 21. Rd2 Qc6 22. Rcd1 Bf5 23. f3 e5 24. Nd5 Nxd5 25. Rxd5 Be6 26. Rd6 Qb5 27. Rxe6 fxe6 28. Rd6 Rad8 29. Rxe6 Qb1+ 30. Kf2 b5 31.
Nxe5 Qc1 0-1

[Event "Betsys MČR v online bleskovém šachu 2021"]
[Site "Chess.com"]
[Date "2021.04.17"]
[Round "7"]
[White "Drak1961"]
[Black "sodikus"]
[Result "1/2-1/2"]
[WhiteElo "2098"]
[BlackElo "2277"]
[TimeControl "180+1"]
[EndTime "10:11:50 PDT"]
[Termination "Remíza dohodou"]

1. d4 Nf6 2. Nf3 e6 3. g3 b6 4.
Bg2 Bb7 5. O-O Be7 6. c4 O-O 7. Re1 Na6 8. Nc3 Ne4 9. Qc2 Nxc3 10. Ng5 Bxg5 11. Bxg5 Nxe2+ 12. Rxe2 Qc8 13. d5 c6 14. d6 c5 15. Be7 Re8 16. Bf1 Qc6 17. f3 Nb4 18. Qd2 Rab8 19. Bg2 b5 20. a3 Na6 21.
Rc1 bxc4 22. Rxc4 Qd5 23. Qc2 Bc6 24. Rh4 Qf5 25. Qxf5 exf5 26. Rf4 g6 27. g4 fxg4 28. fxg4 Bxg2 29. Kxg2 Rb3 30. Ref2 1/2-1/2

[Event "Betsys MČR v online bleskovém šachu 2021"]
[Site "Chess.com"]
[Date "2021.04.17"]
[Round "7"]
[White "Klokan64"]
[Black "Sorcercream"]
[Result "1-0"]
[WhiteElo "1419"]
[BlackElo "1163"]
[TimeControl "180+1"]
[EndTime "10:11:50 PDT"]
[Termination "Uživatel Klokan64 zvítězil na čas"]

1. d4 d5 2. Nf3 Nf6 3. Bg5 Bf5 4. e3 e6 5. Bd3 Bg6 6. Ne5 Bxd3 7. Qxd3 c5 8. Qb5+ Nbd7 9. Nxd7 Qxd7 10. Qxd7+ Nxd7 11. Nd2 f6 12. Bh4 g5 13. Bg3 cxd4 14. exd4 e5 15.
dxe5 Nxe5 16. O-O-O O-O-O 17. Rhe1 Bd6 18. Nb3 Rhe8 19.
Rxd5 Bb4 20. Rxd8+ Rxd8 21. Rd1 Rxd1+ 22. Kxd1 Kd7 23. Bxe5 fxe5 24. Ke2 Ke6 25. c3 Bd6 26. Nd2 Kf5 27. f3 h5 28. Ne4 Bc7 29. Kd3 g4 30. fxg4+ hxg4 31. Ng3+ Kf4 32. Nh5+ Kf5 33. Ng3+ Kf4 34.
Ne2+ Kf5 35. c4 e4+ 36. Kd4 b6 37. Kd5 1-0

[Event "Betsys MČR v online bleskovém šachu 2021"]
[Site "Chess.com"]
[Date "2021.04.17"]
[Round "7"]
[White "ritchi12"]
[Black "vikysachy"]
[Result "1-0"]
[WhiteElo "1162"]
[BlackElo "858"]
[TimeControl "180+1"]
[EndTime "10:11:50 PDT"]
[Termination "Uživatel ritchi12 zvítězil na čas"]

1. e4 e5 2. Nf3 Nc6 3. Nc3 Nf6 4. d4 d6 5. d5 Na5 6. Bd2 Qe7 7. Bb5+ c6 8. dxc6 Nxc6 9. Bxc6+ bxc6 10. Qe2 Qb7 11.
b3 Be7 12. O-O O-O 13. Bg5 Bg4 14. h3 Bxh3 15. gxh3 Nh5 16. Bxe7 Qxe7 17. Rfd1 Qf6 18. Kf1 Qg6 19. Nh4 Qg5 20. Ng2 Qf4 21. Nxf4 Nxf4 22.
Qg4 g6 23. Rxd6 Rab8 24. Rxc6 Rbd8 25. Rd1 Rxd1+ 26. Nxd1 Ne6 27. a4 Nd4 28. Rd6 Nxc2 29. Ne3 Nd4 30. Kg2 Nxb3 31. Nd5 Nd4 32. Ne7+ Kh8 33.
Nd5 Ne6 34. Ra6 Nf4+ 35. Nxf4 exf4 36. Qxf4 Kg8 37. Rxa7 Kg7 38. Qe5+ Kg8 39. Rb7 h6 40. a5 Ra8 41. Rb8+ Rxb8 42. Qxb8+ Kg7 43. a6 Kf6 44. a7 Kg5 45. a8=Q Kf6 46. Qf4+ 1-0

[Event "Betsys MČR v online bleskovém šachu 2021"]
[Site "Chess.com"]
[Date "2021.04.17"]
[Round "7"]
[White "TheFr0zenSun"]
[Black "fm_magua"]
[Result "1/2-1/2"]
[WhiteElo "2248"]
[BlackElo "2515"]
[TimeControl "180+1"]
[EndTime "10:11:52 PDT"]
[Termination "Remíza dohodou"]

1. d4 Nf6 2. Nf3 g6 3. c4 Bg7 4.
Nc3 d6 5. e4 O-O 6. Be2 e5 7. Be3 Ng4 8. Bg5 f6 9. Bh4 g5 10. Bg3 Nh6 11. Qd2 Nc6 12. d5 Ne7 13. h3 Nf7 14. Nh2 Ng6 15. O-O-O Nf4 16. Rhg1 f5 17.
exf5 Bxf5 18. Bxf4 exf4 19. Bd3 Bxd3 20. Qxd3 Ne5 21. Qe2 b5 22. cxb5 a6 23. bxa6 Qc8 24. Nf3 Rxa6 25. Nxg5 Re8 26. Qh5 h6 27. Ne6 Rxe6 28.
dxe6 Qxe6 29. Qe2 Rxa2 30. Nxa2 Qxa2 31. Qc2 Nc4 32. Rd3 Qa1+ 33. Qb1 Bxb2+ 34. Kc2 Qa4+ 35.
Rb3 Na3+ 36. Kxb2 Nxb1 37. Rxb1 Qd4+ 38. Ka2 Qxf2+ 39. R1b2 Qa7+ 40. Ra3 Qc5 41. Rf3 Qc4+ 42. Kb1 d5 43. Rbf2 Qb4+ 44. Kc1 Qc4+ 45. Kd1 Qa4+ 46.
Kc1 1/2-1/2

[Event "Betsys MČR v online bleskovém šachu 2021"]
[Site "Chess.com"]
[Date "2021.04.17"]
[Round "7"]
[White "machonza"]
[Black "nw_tynka"]
[Result "1-0"]
[WhiteElo "1994"]
[BlackElo "2177"]
[TimeControl "180+1"]
[EndTime "10:11:52 PDT"]
[Termination "Uživatel machonza zvítězil matem"]

1. e4 c5 2. Nf3 Nc6 3. Bb5 g6 4. O-O Bg7 5. Re1 e5 6. c3 Nge7 7. d3 O-O 8. Bg5 h6 9. Be3 d6 10. Nbd2 a6 11. Ba4 b5 12. Bb3 Kh7 13.
a4 Bb7 14. Nf1 Na5 15. Bc2 f5 16. h3 f4 17. Bd2 Nac6 18. N1h2 Ng8 19. Qc1 Nf6 20. d4 cxd4 21. cxd4 Rc8 22. Qb1 bxa4 23. Bxa4 Nxd4 24. Nxd4 exd4 25. Bxf4 Bc6 26. Bc2 Bd7 27.
e5 dxe5 28. Bxg6+ Kh8 29. Bxe5 Bb5 30. Qd1 d3 31. Qd2 Qd5 32. Qf4 Rc2 33. Ng4 Nxg4 34.
Qxf8+ Qg8 35. Bxg7# 1-0

[Event "Betsys MČR v online bleskovém šachu 2021"]
[Site "Chess.com"]
[Date "2021.04.17"]
[Round "7"]
[White "CZpeeeter"]
[Black "Patrik_Kohm"]
[Result "0-1"]
[WhiteElo "1714"]
[BlackElo "1399"]
[TimeControl "180+1"]
[EndTime "10:11:52 PDT"]
[Termination "Uživatel Patrik_Kohm zvítězil po vzdání soupeře"]

1. d4 d5 2. Nf3 Nf6 3. e3 Nc6 4.
Bd3 e6 5. b3 Bd6 6. Bb2 Bd7 7.
Nbd2 O-O 8. O-O Qe7 9. Ne5 Bxe5 10. dxe5 Ne8 11. f4 f6 12. exf6 Nxf6 13. Nf3 Rae8 14. Ne5 Nxe5 15. Bxe5 c5 16. Rf3 Bc6 17. Rh3 h6 18. c4 dxc4 19. Bxc4 Bd5 20. Bxf6 Rxf6 21. Bxd5 exd5 22. Qxd5+ Kh8 23. Rd1 b6 24. Qd7 Qf8 25. Qxa7 Ra8 26. Qd7 Rxa2 27. Qd8 Rb2 28. Qxf8+ Rxf8 29. Rd3 Ra8 30. Rf3 Raa2 31. h3 Rxg2+ 32. Kf1 Rh2 33.
Kg1 Rhb2 34. Rd1 Rxb3 35. f5 Kg8 36. f6 gxf6 37. Rxf6 Kg7 38. Rf3 c4 39. Rg3+ Kf6 40. Rf3+ Ke5 41. Rf2 Raa3 42. Rc2 b5 43. e4 Rxh3 44.
Rd5+ Kxe4 45. Rxb5 Rag3+ 46. Kf1 Rh1+ 47. Kf2 Rh2+ 48.
Kxg3 Rxc2 49. Rh5 Rd2 50. Rh4+ Kd3 51. Rxh6 c3 52. Rd6+ Ke2 53. Re6+ Kd1 54. Rc6 c2 0-1

[Event "Betsys MČR v online bleskovém šachu 2021"]
[Site "Chess.com"]
[Date "2021.04.17"]
[Round "7"]
[White "VOJTASEK2009"]
[Black "Alesbar"]
[Result "0-1"]
[WhiteElo "1279"]
[BlackElo "1610"]
[TimeControl "180+1"]
[EndTime "10:11:52 PDT"]
[Termination "Uživatel Alesbar zvítězil na čas"]

1. e4 c5 2. Nf3 d6 3. d4 cxd4 4. Nxd4 Nf6 5. Nc3 a6 6. Be3 e6 7.
Ke2 Be7 8. Ke1 Nbd7 9. Be2 Qc7 10. f3 b5 11. a3 Bb7 12. Kf2 Rc8 13. Rf1 O-O 14.
Kg1 Rfd8 15. Qd2 Ne5 16. f4 Nc4 17. Bxc4 Qxc4 18. e5 dxe5 19. fxe5 Ng4 20. Rf3 Nxe5 21.
Rg3 Ng6 22. Qf2 Bf6 23. Nb3 Bxc3 24. bxc3 Qd5 25. Bb6 Qd1+ 26. Rxd1 Rxd1+ 27. Qf1 Rxf1+ 28. Kxf1 Ne5 29. Bd4 Ng6 30. Na5 Ba8 31. Rg4 f6 32. Be3 Rxc3 33. Bd2 Rxc2 34. Bb4 Kf7 35. Rd4 Bd5 36.
Ke1 Rxg2 37. Kf1 Rxh2 38. Ke1 Rc2 0-1

[Event "Betsys MČR v online bleskovém šachu 2021"]
[Site "Chess.com"]
[Date "2021.04.17"]
[Round "7"]
[White "fortale"]
[Black "petr812"]
[Result "1-0"]
[WhiteElo "2337"]
[BlackElo "2140"]
[TimeControl "180+1"]
[EndTime "10:11:57 PDT"]
[Termination "Uživatel fortale zvítězil matem"]

1. e4 f6 2. d4 e6 3. Nc3 Bb4 4. Bd3 Ne7 5. f4 d5 6. e5 f5 7. a3 Bxc3+ 8. bxc3 b6 9. Nf3 c5 10. O-O Nbc6 11. Bb5 Bd7 12. Be3 c4 13. Ng5 h6 14.
Bxc6 hxg5 15. Bxa8 g4 16. Bb7 b5 17. a4 Qb6 18.
axb5 Qxb7 19. Qb1 Nc8 20. Qb4 Qxb5 21. Rfb1 a6 22. Qa3 Qc6 23. Qxa6 Qxa6 24. Rxa6 O-O 25. Rb7 Rf7 26. Ra8 Kh7 27. Rxd7 Rxd7 28. Rxc8 Rb7 29. Rc6 Rb2 30. Rxe6 Rxc2 31. Rd6 Rxc3 32. Kf2 Rc2+ 33. Ke1 Kg8 34. e6 Rxg2 35. Rd8+ Kh7 36. e7 Rxh2 37.
e8=Q Rh1+ 38. Kf2 Rh2+ 39. Kg1 g3 40. Qg8+ Kh6 41. Rd6+ Kh5 42. Qf7+ Kg4 43. Rg6+ Kf3 44. Qxd5+ Kxe3 45. Rxg3+ Kxf4 46. Kxh2 g5 47. Qf3# 1-0

[Event "Betsys MČR v online bleskovém šachu 2021"]
[Site "Chess.com"]
[Date "2021.04.17"]
[Round "7"]
[White "JustFilip05"]
[Black "elftom"]
[Result "0-1"]
[WhiteElo "2125"]
[BlackElo "1974"]
[TimeControl "180+1"]
[EndTime "10:11:57 PDT"]
[Termination "Uživatel elftom zvítězil matem"]

1. d4 Nf6 2. Nc3 c6 3. e4 d5 4. e5 Nfd7 5. f4 Nb6 6. Bd3 g6 7. Nce2 Bg4 8. h3 Bxe2 9. Qxe2 Bg7 10. c3 e6 11. g4 N8d7 12. Be3 Qc7 13. Nf3 c5 14.
dxc5 Nxc5 15. Bb5+ Ke7 16. f5 gxf5 17. Bg5+ f6 18.
exf6+ Bxf6 19. O-O-O Bxg5+ 20. Nxg5 Qf4+ 21. Qd2 Qxd2+ 22.
Rxd2 Ne4 23. Nxe4 fxe4 24. Rf1 Rhf8 25. a4 a6 26. Rxf8 Rxf8 27. a5 axb5 28. axb6 Rf1+ 29. Rd1 Rf3 30. Rh1 Rg3 31. Kd2 Kd6 32. b3 Kc5 33. b4+ Kxb6 34. Kc2 Kc6 35. Kd2 Kd6 36. Rh2 e5 37.
Kc2 d4 38. cxd4 exd4 39. Kb2 Kd5 40. Rc2 Rxh3 41. Rc5+ Kd6 42. Rxb5 Rh2+ 43. Kc1 e3 44. Rxb7 d3 45. Rb8 Rh1+ 46. Kb2 d2 47. Rd8+ Ke7 48.
Rd3 d1=Q 49. Rxe3+ Kf7 50. Rb3 Rh2+ 51. Ka3 Qa1# 0-1

[Event "Betsys MČR v online bleskovém šachu 2021"]
[Site "Chess.com"]
[Date "2021.04.17"]
[Round "7"]
[White "dnovotny"]
[Black "RunningPawnz88"]
[Result "0-1"]
[WhiteElo "1717"]
[BlackElo "1356"]
[TimeControl "180+1"]
[EndTime "10:11:57 PDT"]
[Termination "Uživatel RunningPawnz88 zvítězil na čas"]

1. d4 Nf6 2. Nc3 e6 3. e4 d6 4. f4 Nbd7 5. Nf3 c5 6. Bb5 Be7 7. dxc5 dxc5 8. e5 Nd5 9. Bxd7+ Qxd7 10. Ne4 O-O 11. O-O f6 12. exf6 Bxf6 13. Nxc5 Qb5 14. Nd3 Rd8 15. Bd2 Nb6 16. Qe1 Nc4 17. Bc3 Bxc3 18.
Qxc3 Ne3 19. Rfe1 Qb6 20. Nc5 Nf5 21. Kh1 Bd7 22. Nxd7 Rxd7 23. Ne5 Re7 24. Qa3 Rc7 25. c3 Rac8 26. Rad1 Ne3 27. Rd3 Nc2 28. Qb3 Nxe1 29. Qxe6+ Qxe6 0-1

[Event "Betsys MČR v online bleskovém šachu 2021"]
[Site "Chess.com"]
[Date "2021.04.17"]
[Round "7"]
[White "reflexia64"]
[Black "g4g5g4g5"]
[Result "1-0"]
[WhiteElo "2265"]
[BlackElo "2000"]
[TimeControl "180+1"]
[EndTime "10:11:59 PDT"]
[Termination "Uživatel reflexia64 zvítězil na čas"]

1. b3 e5 2. Bb2 Nc6 3. e3 d6 4. g3 g6 5. Bg2 Bg7 6. Ne2 Nge7 7.
O-O O-O 8. c4 f5 9. f4 Be6 10.
Nbc3 d5 11. cxd5 Nxd5 12. a3 exf4 13. Nxf4 Nxf4 14. Rxf4 Qd7 15. d4 Bf7 16. Na4 b6 17.
Qc2 Bd5 18. Rc1 Na5 19. Qxc7 Qxc7 20. Bxd5+ Qf7 21. Bxf7+ Rxf7 22. b4 Nb7 23. d5 Nd6 24. Rc6 Rd8 25. Bxg7 Kxg7 26. Nc3 Re7 27. Kf2 Rdd7 28.
Rd4 Re5 29. Kf3 h5 30. h4 Ne8 31. Kf4 Ree7 32. d6 Re6 33. Nb5 Kf6 34. Nc7 Nxd6 35.
Nb5 1-0

[Event "Betsys MČR v online bleskovém šachu 2021"]
[Site "Chess.com"]
[Date "2021.04.17"]
[Round "7"]
[White "Bohous13"]
[Black "David_Mic"]
[Result "1/2-1/2"]
[WhiteElo "2204"]
[BlackElo "1989"]
[TimeControl "180+1"]
[EndTime "10:12:00 PDT"]
[Termination "Remíza dohodou"]

1. e4 c5 2. c4 Nc6 3. Ne2 d6 4. d4 cxd4 5. Nxd4 g6 6. Be3 Bg7 7. Nc3 Nf6 8. Be2 O-O 9. O-O Bd7 10. f4 Nxd4 11. Bxd4 Bc6 12. Bf3 Rc8 13. Rc1 a6 14.
Qd2 Qa5 15. Rfd1 Rfe8 16. Qf2 Nd7 17. Bxg7 Kxg7 18. Bg4 Rcd8 19. Bxd7 Rxd7 20. a3 Qc5 21.
Qxc5 dxc5 22. Rxd7 Bxd7 23. Rd1 Be6 24. b3 b5 25.
cxb5 axb5 26. Nxb5 Bxb3 27. Rd7 Ba4 28. Rb7 Bxb5 29.
Rxb5 Ra8 30. Rxc5 Rxa3 31. Rc7 e6 32. Kf2 Rb3 33. h4 Ra3 34. Rb7 Rc3 35. Rb5 Ra3 36. h5 Rc3 37. g4 Ra3 38. Rb1 Rh3 39. Rb5 gxh5 40. gxh5 Kh6 41. Rb7 f5 42. Rb6 fxe4 43.
Rxe6+ Kxh5 44. Rxe4 Kg4 45. Kg2 Ra3 46. f5+ Kxf5 47.
Rh4 Kg6 48. Rc4 h5 49. Rc5 Kh6 50. Kh2 Kg6 51. Kg2 Kh6 52. Kh2 1/2-1/2

[Event "Betsys MČR v online bleskovém šachu 2021"]
[Site "Chess.com"]
[Date "2021.04.17"]
[Round "7"]
[White "Jaja15F"]
[Black "JonasFadrny"]
[Result "1-0"]
[WhiteElo "1116"]
[BlackElo "752"]
[TimeControl "180+1"]
[EndTime "10:12:01 PDT"]
[Termination "Uživatel Jaja15F zvítězil matem"]

1. d4 d5 2. c4 Nc6 3. e3 dxc4 4. Bxc4 Be6 5. d5 Bxd5 6. Qxd5 Qxd5 7. Bxd5 Nf6 8. Bxc6+ bxc6 9. Nc3 e6 10. Bd2 Bb4 11. Nf3 Bxc3 12. Bxc3 O-O 13. Bxf6 gxf6 14. O-O Rad8 15.
Rac1 Rd6 16. Nd4 e5 17. Nxc6 f5 18. Nxe5 Rfd8 19. Rxc7 Rd1 20. Nxf7 Rxf1+ 21. Kxf1 Rd1+ 22. Ke2 Rb1 23. Rb7 Rh1 24. h3 Rg1 25. Kf3 Ra1 26.
Nh6+ Kf8 27. Kf4 Rxa2 28. Kxf5 Ra5+ 29. Kf6 Ra6+ 30. Kg5 Ra5+ 31. Kg4 Ra6 32. b4 Rxh6 33. Rxa7 Rg6+ 34. Kf3 Rb6 35. Ra8+ Ke7 36. Ra7+ Kd6 37.
Rxh7 Rxb4 38. g4 Rb8 39. g5 Rf8+ 40. Kg3 Rg8 41. Rh6+ Ke5 42. g6 Ke4 43. Kg4 Kd3 44. f4 Kxe3 45. f5 Ra8 46. g7 Rg8 47. f6 Ra8 48. Rh8 Ra4+ 49. Kg5 Ra5+ 50. Kg6 Ra1 51. f7 Rg1+ 52. Kh7 Rh1 53. Kg8 Ra1 54. Kh7 Rh1 55.
Kg6 Rg1+ 56. Kf6 Rf1+ 57. Ke7 Re1 58. f8=Q Kd2+ 59. Kd6 Ra1 60. g8=Q Ra6+ 61. Kd5 Ra5+ 62. Ke4 Ra4+ 63. Kf3 Ra1 64. Qd6+ Ke1 65. Qg1# 1-0

[Event "Betsys MČR v online bleskovém šachu 2021"]
[Site "Chess.com"]
[Date "2021.04.17"]
[Round "7"]
[White "mravecuk"]
[Black "YawningBagel"]
[Result "1/2-1/2"]
[WhiteElo "2250"]
[BlackElo "1972"]
[TimeControl "180+1"]
[EndTime "10:12:03 PDT"]
[Termination "Remíza opakováním pozice"]

1. d4 Nf6 2. Nc3 c5 3. d5 g6 4. e4 d6 5. Nf3 Bg7 6. Bb5+ Bd7 7. a4 O-O 8. O-O a6 9. Be2 Bg4 10. Nd2 Bxe2 11. Qxe2 Nbd7 12. Nc4 b6 13. h3 Qc7 14.
Bf4 Rab8 15. Rfe1 b5 16. axb5 axb5 17. Na5 b4 18. Nb5 Qb6 19. c4 bxc3 20. Nxc3 Qxb2 21. Qxb2 Rxb2 22. Nc6 Re8 23. Ra7 Kf8 24. Nd1 Rb3 25. f3 Nb6 26. Ne3 Nfd7 27. Nc4 Nxc4 28. Rxd7 Ne5 29.
Bxe5 Bxe5 30. Nxe5 dxe5 31. Rc7 Rc3 32. Ra1 Rb8 33.
Raa7 Rb2 34. Rxe7 Rcc2 35. Rxf7+ Kg8 36. Rg7+ Kf8 37. Raf7+ Ke8 38. Rb7 Rxg2+ 39. Kf1 Rgf2+ 40. Ke1 Rfe2+ 41. Kd1 Red2+ 42. Kc1 Rdc2+ 43. Kd1 Rd2+ 44. Ke1 Re2+ 45. Kd1 Red2+ 1/2-1/2

[Event "Betsys MČR v online bleskovém šachu 2021"]
[Site "Chess.com"]
[Date "2021.04.17"]
[Round "7"]
[White "Sunnika"]
[Black "Akdub"]
[Result "0-1"]
[WhiteElo "2284"]
[BlackElo "2106"]
[TimeControl "180+1"]
[EndTime "10:12:04 PDT"]
[Termination "Uživatel Akdub zvítězil matem"]

1. d4 e6 2. Nf3 Nf6 3. Bf4 Be7 4.
e3 O-O 5. h3 b6 6. Bd3 Bb7 7. O-O c5 8. a4 Nc6 9. Nbd2 Re8 10. c3 d6 11. Re1 h6 12. e4 cxd4 13.
cxd4 Nb4 14. Bb5 Bc6 15. Qb3 a5 16. Bxc6 Nxc6 17. Rac1 Nb4 18. Be3 Rc8 19. Nb1 Qd7 20.
Nc3 Nd3 21. e5 Nxc1 22. Bxc1 dxe5 23. Rxe5 Nd5 24. Bd2 Bd6 25. Re1 Nxc3 26. bxc3 Qc6 27. Rb1 Qc4 28. Qd1 Rb8 29. Rb5 Qd3 30. Ne1 Qe4 31.
Be3 Rec8 32. Qd2 Qc6 33. c4 Qxc4 34. Bxh6 Bf8 35. Be3 Qxa4 36. Rh5 Qa1 37. Kh2 g6 38. Rh4 Bd6+ 39. g3 Rc1 40. Nf3 Rh1+ 41. Kg2 Qf1# 0-1

[Event "Betsys MČR v online bleskovém šachu 2021"]
[Site "Chess.com"]
[Date "2021.04.17"]
[Round "7"]
[White "Loveforever_Pepi"]
[Black "tomasPardubice"]
[Result "1/2-1/2"]
[WhiteElo "2282"]
[BlackElo "2091"]
[TimeControl "180+1"]
[EndTime "10:12:04 PDT"]
[Termination "Remíza opakováním pozice"]

1. e4 c5 2. d4 cxd4 3. c3 Nf6 4. e5 Nd5 5. cxd4 d6 6. Bc4 Nb6 7. Bb3 dxe5 8. Qh5 e6 9. dxe5 Be7 10. Nf3 O-O 11. O-O Nc6 12. Rd1 Bd7 13. Nc3 g6 14.
Qh6 Na5 15. Bg5 Nxb3 16. axb3 f5 17. exf6 Bxf6 18. Ne4 Bxg5 19. Nexg5 Qe7 20. Ne5 Be8 21. h4 Rf5 22. Ng4 Nd5 23. Re1 Bd7 24. Re5 Raf8 25.
Rae1 Rxe5 26. Nxe5 Nf6 27. Nxd7 Qxd7 28. Nxe6 Re8 29. Qe3 Ng4 30. Qe4 Nf6 31. Qe5 Ng4 32. Qe4 Nf6 33. Qe2 Re7 34. Qe5 Ng4 35. Qe4 Nf6 36. Qe5 Ng4 37. Qe4 Nf6 38. Qe5 1/2-1/2

[Event "Betsys MČR v online bleskovém šachu 2021"]
[Site "Chess.com"]
[Date "2021.04.17"]
[Round "7"]
[White "Krejcak"]
[Black "TrickyPeat"]
[Result "1-0"]
[WhiteElo "2017"]
[BlackElo "2192"]
[TimeControl "180+1"]
[EndTime "10:12:04 PDT"]
[Termination "Uživatel Krejcak zvítězil na čas"]

1. e4 d5 2. exd5 Qxd5 3. Nc3 Qd6 4. Bc4 Nf6 5. d3 Nc6 6. Nge2 e5 7. O-O Bg4 8. f3 Be6 9. Ne4 Nxe4 10. fxe4 Bxc4 11. dxc4 Qc5+ 12. Kh1 Qxc4 13. Ng3 g6 14. b3 Qe6 15. Be3 Bg7 16. c3 O-O 17. Qe2 a6 18.
Rf2 Rad8 19. Raf1 h5 20. Qc2 h4 21. Ne2 h3 22. Bg5 hxg2+ 23. Rxg2 Rd7 24. Ng3 Qd6 25. Qf2 Qd3 26. Nh5 Qxe4 27. Nxg7 Kxg7 28. Qf6+ Kh7 29. Kg1 Ne7 30. Rg3 Rd3 31. Rxd3 Qxd3 32. Qxe7 Kg8 33. Qf6 Qd6 34. Qxd6 cxd6 35. Be7 Rc8 36. c4 Rc6 37. Rd1 b5 38. Rxd6 Rc7 39. Rd8+ Kg7 40. Bf8+ Kf6 41. c5 1-0

[Event "Betsys MČR v online bleskovém šachu 2021"]
[Site "Chess.com"]
[Date "2021.04.17"]
[Round "7"]
[White "misa2009"]
[Black "trosecnik"]
[Result "0-1"]
[WhiteElo "1518"]
[BlackElo "1840"]
[TimeControl "180+1"]
[EndTime "10:12:04 PDT"]
[Termination "Uživatel trosecnik zvítězil matem"]

1. e4 c5 2. Nf3 Nc6 3. Nc3 e6 4. d3 Nge7 5. Be2 d5 6. exd5 Nxd5 7. Bd2 Be7 8. O-O O-O 9. a3 b6 10. Nxd5 exd5 11. Bf4 Bd6 12. Bg3 Re8 13. Re1 Bxg3 14. fxg3 Bb7 15. Qd2 Qf6 16. c3 Re7 17. Bf1 Rae8 18.
Rxe7 Rxe7 19. Re1 d4 20. c4 g6 21. h3 Ne5 22. Nxe5 Rxe5 23. Rxe5 Qxe5 24. Qe2 Qxg3 25. Qe8+ Kg7 26. Qd7 Qe3+ 27. Kh1 Qf2 28. Qxb7 Qxf1+ 29. Kh2 Qf4+ 30. Kg1 Qe3+ 31. Kf1 Qxd3+ 32. Kf2 Qxc4 33. Qxa7 Qc2+ 34. Kg3 d3 35. Qe7 Qxb2 36. Qe3 d2 37. Qe2 Qxa3+ 38. Kf2 Qc3 39. g3 Qd4+ 40. Kg2 d1=Q 41. Qg4 Q1d2+ 42. Kf3 Q4e3# 0-1

[Event "Betsys MČR v online bleskovém šachu 2021"]
[Site "Chess.com"]
[Date "2021.04.17"]
[Round "7"]
[White "Mikulas19"]
[Black "Hanicka1517"]
[Result "1-0"]
[WhiteElo "1862"]
[BlackElo "1622"]
[TimeControl "180+1"]
[EndTime "10:12:05 PDT"]
[Termination "Uživatel Mikulas19 zvítězil po vzdání soupeře"]

1. e4 e6 2. d4 d5 3. Nd2 Nf6 4. e5 Nfd7 5. Ne2 c5 6. c3 Nc6 7. f4 Be7 8. Nf3 O-O 9. Be3 Qb6 10. Qd2 cxd4 11. Nexd4 Bc5 12. Be2 Nxd4 13. Bxd4 Bxd4 14. Nxd4 f6 15. exf6 Nxf6 16. O-O Ne4 17. Qc2 Bd7 18. Kh1 Rf7 19. Bd3 Nf6 20. Rae1 Raf8 21. g3 h6 22. Kg2 a6 23. Qe2 Re8 24. Nf3 Bb5 25. Bxb5 Qxb5 26. Qxb5 axb5 27. Nd4 Ne4 28. Nxb5 Ra8 29. a3 Ra5 30.
Nd4 Re7 31. Ra1 Ra6 32. a4 Rb6 33. Ra2 Nd2 34. Re1 Nc4 35. b4 e5 36. fxe5 Rxe5 37.
Rxe5 Nxe5 38. a5 Rf6 39. Rf2 Rxf2+ 40. Kxf2 Nd3+ 41. Ke3 Nc1 42. b5 Na2 43. a6 bxa6 44. bxa6 Nxc3 45. a7 Nd1+ 46. Kf3 1-0